 Dungeon Crawl Stone Soup version 0.28-a0-1382-g92835e5c71 (webtiles) character file.

Game seed: 11130133012486691114

717143 Shayle the Slayer (level 27, -3/318 HPs)
             Began as a Demonspawn Warper on Jan 1, 2022.
             Was an Initiate of Gozag.
             Slain by a frost giant (9 damage)
             ... on level 1 of Cocytus on Jan 2, 2022.
             The game lasted 07:18:25 (104412 turns).

Shayle the Slayer (Demonspawn Warper)             Turns: 104412, Time: 07:18:28

Health: -3/318     AC: 56    Str: 17    XL:     27
Magic:  0/34       EV: 13    Int: 26    God:    Gozag
Gold:   375        SH:  9    Dex: 18    Spells: 65/67 levels left

rFire   + + +      SeeInvis .   l - +18 lance "Wyrmbane" {slay drac, rPois rF+ rC+ AC+3}
rCold   + + +      Faith    .   a - +2 buckler of Kikubaaqudgha's Fury {rElec rF++ rN+ MP-9}
rNeg    + + +      Spirit   +   e - +8 orange crystal plate armour {Archmagi, Int+3 Clar}
rPois   +          Reflect  .   q - +2 helmet
rElec   +          Harm     .   (cloak unavailable)
rCorr   +          Rampage  .   T - +0 pair of fencer's gloves {Riposte Dex+3}
Will    +++..      Archmagi +   X - +2 pair of boots {Stlth+}
Stlth   .......... Clarity  +   Y - macabre finger necklace {rN+}
HPRegen 0.63/turn               m - ring "Kelush" {rC+ rCorr Slay+4}
MPRegen 0.48/turn               z - ring of willpower
                                R - ring of Arhusong {Wiz rF+ rN+ Int+2 Stlth+}

@: marked, gold aura, slowed, studying 4 skills, frozen potions, very slow
A: slimy green scales 3, robust 3, spiny 3, magic shield, magic regeneration,
magic link, weakness stinger 3, cold resistance 1, fire resistance 1, low mp 1,
mutation resistance 1, subdued magic 1
}: 5/15 runes: decaying, slimy, silver, abyssal, gossamer
a: Renounce Religion, Potion Petition, Call Merchant, Bribe Branch


You were on level 1 of Cocytus.
You worshipped Gozag.
Gozag was aware of your devotion.
You visited 14 branches of the dungeon, and saw 56 of its levels.
You visited the Abyss 8 times.
You also visited: Trove, Ossuary, Bailey, Ice Cave and Desolation.

You collected 35543 gold pieces.
You spent 2925 gold pieces at shops.
You paid 32243 gold pieces to Gozag.

Inventory:

Hand Weapons
 j - a +1 rapier of distortion
 l - the +18 lance "Wyrmbane" (weapon) {slay drac, rPois rF+ rC+ AC+3}
   (You found it on level 2 of the Vaults)

   It inflicts extra damage against dragons and draconians.
   AC:        It affects your AC (+3).
   rF:        It protects you from fire.
   rC:        It protects you from cold.
   rPois:     It protects you from poison.
Missiles
 w - a throwing net (quivered)
 y - 14 silver javelins
Armour
 a - the +2 buckler of Kikubaaqudgha's Fury (worn) {rElec rF++ rN+ MP-9}
   (You acquired it on level 1 of the Lair of Beasts)

   rF:        It greatly protects you from fire.
   rElec:     It insulates you from electricity.
   rN:        It protects you from negative energy.
   MP:        It affects your magic capacity (-9).
 e - the +8 orange crystal plate armour (worn) {Archmagi, Int+3 Clar}
   (You acquired it on level 4 of the Dungeon)

   Int:       It affects your intelligence (+3).
   Clar:      It protects you against confusion.
 q - a +2 helmet (worn)
 T - the +0 pair of fencer's gloves (worn) {Riposte Dex+3}
   (You acquired it on level 7 of the Dungeon)

   It allows the wearer to riposte with melee weapons, swiftly retaliating
   against missed attacks.
   Dex:       It affects your dexterity (+3).
 X - a +2 pair of boots of stealth (worn)
Jewellery
 m - the ring "Kelush" (left hand) {rC+ rCorr Slay+4}
   (You bought it in a shop on level 5 of the Vaults)

   [ring of slaying]

   Slay:      It affects your accuracy & damage with ranged weapons and melee
   (+4).
   rC:        It protects you from cold.
   rCorr:     It protects you from acid and corrosion.
 p - the ring "Ockaaq" {rElec Dex+4 Slay+4 Stlth+}
   (You acquired it on level 5 of the Lair of Beasts)

   [ring of slaying]

   Dex:       It affects your dexterity (+4).
   Slay:      It affects your accuracy & damage with ranged weapons and melee
   (+4).
   rElec:     It insulates you from electricity.
   Stlth:     It makes you more stealthy.
 t - the ring "Maafuguf" {Contam rC+ Will+ Stlth+}
   (You found it on level 3 of the Crypt)

   [ring of willpower]

   rC:        It protects you from cold.
   Contam:    It causes magical contamination when unequipped.
   Will:      It increases your willpower.
   Stlth:     It makes you more stealthy.
 z - a ring of willpower (right hand)
 D - the ring of Nun Kuh {rCorr Int+6 Dex+6 Stlth-}
   (You found it on level 5 of the Vaults)

   [ring of dexterity]

   Int:       It affects your intelligence (+6).
   Dex:       It affects your dexterity (+6).
   rCorr:     It protects you from acid and corrosion.
   Stlth:     It makes you less stealthy.
 R - the ring of Arhusong (on amulet) {Wiz rF+ rN+ Int+2 Stlth+}
   (You bought it in a shop on level 14 of the Dungeon)

   [ring of wizardry]

   It improves your spell success rate.
   Int:       It affects your intelligence (+2).
   rF:        It protects you from fire.
   rN:        It protects you from negative energy.
   Stlth:     It makes you more stealthy.
 S - a ring of see invisible
 Y - the macabre finger necklace (around neck) {rN+}
   (You found it on level 5 of the Pits of Slime)

   [amulet of nothing]

   It enables you to equip an extra ring.
   rN:        It protects you from negative energy.
Wands
 k - a wand of charming (15)
 C - a wand of polymorph (5)
 F - a wand of mindburst (13)
 G - a wand of iceblast (16)
 J - a wand of flame (97)
 Z - a wand of paralysis (20)
Scrolls
 b - a scroll of enchant armour
 d - 2 scrolls of amnesia
 f - a scroll of brand weapon
 i - 2 scrolls of identify
 H - 11 scrolls of vulnerability
 K - 3 scrolls of magic mapping
 U - 6 scrolls of immolation
 W - 4 scrolls of fear
Potions
 g - a potion of invisibility
 h - 7 potions of lignification
 n - 12 potions of curing
 o - 3 potions of haste
 r - 9 potions of brilliance
 s - 3 potions of berserk rage
 A - 2 potions of might
 I - 5 potions of magic
 Q - 5 potions of ambrosia
Miscellaneous
 B - a phantom mirror (inert)
 P - a condenser vane (inert)


   Skills:
 - Level 26.1 Fighting
 - Level 1.7(6.0) Axes
 - Level 9.2(12.0) Polearms
 - Level 12.0(13.2) Staves
 - Level 0.8 Throwing
 + Level 26.0 Armour
 - Level 22.1 Dodging
 - Level 5.0 Stealth
 - Level 9.1 Shields
 + Level 20.9 Spellcasting
 - Level 2.6 Translocations
 - Level 2.3 Evocations


You had 65 spell levels left.
You knew the following spells:

 Your Spells              Type           Power      Damage    Failure   Level
a - Blink                 Tloc           94%        N/A       4%          2

Your spell library contained the following spells:

 Spells                   Type           Power      Damage    Failure   Level
 Apportation              Tloc           94%        N/A       2%          1
 Animate Skeleton         Necr           62%        N/A       9%          1
 Beastly Appendage        Tmut           62%        N/A       9%          1
 Foxfire                  Conj/Fire      100%       2x1d9     9%          1
 Magic Dart               Conj           100%       1d8       9%          1
 Pain                     Necr           100%       1d9       9%          1
 Sandblast                Erth           62%        2d14      9%          1
 Slow                     Hex            100%       N/A       9%          1
 Summon Small Mammal      Summ           100%       N/A       9%          1
 Gell's Gravitas          Tloc           47%        N/A       9%          3
 Lesser Beckoning         Tloc           47%        N/A       9%          3
 Teleport Other           Tloc           47%        N/A       9%          3
 Call Imp                 Summ           31%        N/A       14%         2
 Corpse Rot               Necr/Air       62%        N/A       14%         2
 Ensorcelled Hibernation  Hex/Ice        62%        N/A       14%         2
 Passwall                 Tmut/Erth      25%        N/A       14%         2
 Poisonous Vapours        Pois/Air       62%        N/A       14%         2
 Scorch                   Fire           62%        2d8       14%         2
 Searing Ray              Conj           62%        2d6       14%         2
 Static Discharge         Conj/Air       31%        N/A       14%         2
 Sublimation of Blood     Necr           31%        N/A       14%         2
 Wereblood                Tmut           31%        N/A       14%         2
 Call Canine Familiar     Summ           31%        N/A       28%         3
 Confusing Touch          Hex            31%        N/A       28%         3
 Conjure Flame            Conj/Fire      31%        6-21      28%         3
 Dazzling Flash           Conj/Hex       62%        N/A       28%         3
 Frozen Ramparts          Ice            62%        1d8       28%         3
 Ignite Poison            Fire/Tmut/Pois 31%        N/A       28%         3
 Inner Flame              Hex/Fire       31%        N/A       28%         3
 Mephitic Cloud           Conj/Pois/Air  31%        N/A       28%         3
 Ozocubu's Armour         Ice            31%        N/A       28%         3
 Spider Form              Tmut/Pois      31%        N/A       28%         3
 Stone Arrow              Conj/Erth      62%        3d10      28%         3
 Summon Guardian Golem    Hex/Summ       31%        N/A       28%         3
 Swiftness                Air            31%        N/A       28%         3
 Tukima's Dance           Hex            31%        N/A       28%         3
 Vampiric Draining        Necr           31%        2d8       28%         3
 Passage of Golubria      Tloc           47%        N/A       30%         4
 Iskenderun's Mystic Bla  Conj/Tloc      39%        2d9       45%         4
 Manifold Assault         Tloc           47%        N/A       63%         5
 Airstrike                Air            15%        N/A       65%         4
 Dispel Undead            Necr           31%        3d14      65%         4
 Flame Wave               Conj/Fire      31%        2d7       65%         4
 Fulminant Prism          Conj/Hex       15%        3d11      65%         4
 Leda's Liquefaction      Hex/Erth       15%        N/A       65%         4
 Petrify                  Tmut/Erth      31%        N/A       65%         4
 Sticky Flame             Conj/Fire      31%        2d5       65%         4
 Summon Ice Beast         Ice/Summ       31%        N/A       65%         4
 Summon Forest            Summ/Tloc      19%        N/A       80%         5
 Borgnjor's Vile Clutch   Necr/Erth      15%        N/A       93%         5
 Fireball                 Conj/Fire      15%        3d8       93%         5
 Freezing Cloud           Conj/Ice/Air   15%        6-21      93%         5
 Irradiate                Conj/Tmut      15%        3d18      93%         5
 Iskenderun's Battlesphe  Conj           31%        2d8       93%         5
 Lee's Rapid Deconstruct  Erth           15%        3d11*     93%         5
 Lightning Bolt           Conj/Air       15%        1d29      93%         5
 Metabolic Englaciation   Hex/Ice        15%        N/A       93%         5
 Silence                  Hex/Air        15%        N/A       93%         5
 Summon Mana Viper        Hex/Summ       31%        N/A       93%         5
 Conjure Ball Lightning   Conj/Air       15%        3x3d6     100%        6
 Death Channel            Necr           15%        N/A       100%        6
 Eringya's Noxious Bog    Tmut/Pois      15%        N/A       100%        6
 Iron Shot                Conj/Erth      15%        9d4       100%        6
 Starburst                Conj/Fire      15%        6d6       100%        6
 Statue Form              Tmut/Erth      20%        N/A       100%        6
 Summon Cactus Giant      Summ           15%        N/A       100%        6
 Dragon Form              Tmut           15%        N/A       100%        7
 Enfeeble                 Hex            15%        N/A       100%        7
 Malign Gateway           Summ/Tloc      19%        N/A       100%        7
 Monstrous Menagerie      Summ           15%        N/A       100%        7
 Orb of Destruction       Conj           15%        9d7       100%        7
 Ozocubu's Refrigeration  Ice            15%        4d8       100%        7
 Spellforged Servitor     Conj/Summ      15%        N/A       100%        7
 Storm Form               Tmut/Air       15%        N/A       100%        7
 Summon Hydra             Summ           15%        N/A       100%        7
 Lehudib's Crystal Spear  Conj/Erth      15%        10d5      100%        8
 Maxwell's Capacitive Co  Air            15%        ∞         100%        8
 Necromutation            Tmut/Necr      15%        N/A       100%        8
 Summon Horrible Things   Summ           15%        N/A       100%        8
 Chain Lightning          Conj/Air       15%        3d20      100%        9
 Death's Door             Necr           15%        N/A       100%        9
 Fire Storm               Conj/Fire      15%        8d4       100%        9
 Polar Vortex             Ice            15%        N/A       100%        9
 Shatter                  Erth           15%        3d15*     100%        9


Dungeon Overview and Level Annotations

Branches:
Dungeon (15/15)            Temple (1/1) D:4            Lair (6/6) D:9
  Swamp (4/4) Lair:3       Spider (4/4) Lair:4        Slime (5/5) Lair:6
    Orc (2/2) D:11            Elf (3/3) Orc:2        Vaults (5/5) D:13
  Crypt (3/3) Vaults:2       Tomb (2/3) Crypt:3      Depths (4/4) D:15
   Hell (visited)             Coc (1/7) Hell            Zot (0/5) Depths:4
Ossuary (visited)          Bailey (visited)           IceCv (visited)
Desolation (visited)
    Dis: Hell:1         Geh: Hell:1         Tar: Hell:1

Altars:
Ashenzari
Cheibriados
Elyvilon
Fedhas
Gozag
Hepliaklqana
Kikubaaqudgha
Makhleb
Nemelex Xobeh
Okawaru
Qazlal
Ru
Sif Muna
Trog
Uskayaw
Vehumet
Wu Jian
Xom
Yredelemnul
The Shining One
Jiyva

Shops:
D:3 [   D:7 *   D:11 (   D:14 =   Orc:2 **!   Elf:2 ?   Elf:3 !   Vaults:2 *?
Vaults:5 =   Depths:2 (?(   Depths:4 *

Portals:
Hell: Depths:1 Depths:2 Depths:3 Depths:4
Abyss: Lair:4 Depths:1 Depths:3
Pandemonium: Depths:2
Ziggurat: Depths:1

Annotations:
Hell Geryon


Innate Abilities, Weirdness & Mutations

You are completely covered in slimy green scales. (AC +4, rPois)
You are extremely robust. (+30% HP)
You are completely covered in sharp spines.
When hurt, damage is shared between your health and your magic reserves.
You regenerate magic rapidly.
When low on magic, you restore magic in place of health.
You have a sharp stinger which inflicts weakening toxins.
Your flesh is cold resistant. (rC+)
Your flesh is heat resistant. (rF+)
Your magical capacity is low. (-10% MP)
You are somewhat resistant to further mutation.
Your spells are a little easier to cast, but a little less powerful.


Message History

The hell knight blinks!
The juggernaut is struck by your spines.
The juggernaut hits you!!
* * * LOW HITPOINT WARNING * * *
The juggernaut hits you but does no damage.
You block the juggernaut's attack. The juggernaut hits you.
* * * LOW HITPOINT WARNING * * *
The tainted leviathan is distracted by your dazzling golden aura.
The tainted leviathan attempts to bespell you!
You are unaffected.
Unknown command.
You puncture the juggernaut!
You tail-slap the juggernaut, but do no damage.
The juggernaut is lightly wounded.
Unknown command.
Casting: Blink (safe; 4% risk of failure)
Confirm with . or Enter, or press ? or * to list all spells.
You feel a surge of power!
You blink.
The stone giant seems to regain its courage.
The tainted leviathan is no longer distracted by gold.
The hell knight mumbles some strange words.
The hell knight blinks!
The frost giant is distracted by your dazzling golden aura.
The juggernaut is distracted by your dazzling golden aura.
The tainted leviathan throws a large rock.
The large rock hits you!!
* * * LOW HITPOINT WARNING * * *
The tainted leviathan throws a large rock.
You block the large rock.
The titan is distracted by your dazzling golden aura.
The stone giant is struck by your spines.
The stone giant misses you.
You riposte.
The juggernaut shouts!
The titan shouts!
The frost giant shouts!
You hit the stone giant but do no damage.
You tail-slap the stone giant.
The stone giant looks weaker.
The stone giant is moderately wounded.
The frost giant is struck by your spines.
The frost giant hits you with a +1 battleaxe of freezing!
You die...
Your body crumbles into a pile of gold.

..§≈ .C..# #####
..C.≈# ##≈≈≈##
.....≈###≈≈.≈≈###
○..°..C≈≈≈≈..°.≈≈#
.○☼○°...≈≈..°.°###
≈○§CC☼○☼≈C°○°○≈#
≈○°○§§C§@§○C§###
#≈3○○§C☼C○C°#
##≈.C.C☼§☼§○#
##≈≈..C○§###
#≈#CC.C## ####≈§≈#
##≈## #≈# ###


You could see 3 juggernauts, 4 tainted leviathans, 2 titans, 4 frost giants, 2
fire giants, 2 stone giants and a sun demon (fleeing).

Vanquished Creatures
  the Royal Jelly (Slime:5)
  3 dread liches (Vaults:5)
  Khufu (Crypt:3)
  An ancient lich (Vaults:5)
  A juggernaut (Depths:2)
  3 royal mummies (Tomb:1)
  The ghost of ardl the Cryomancer, a master MfIE of Gozag (Depths:1)
  Boris (Vaults:2)
  the Lernaean hydra (Swamp:4)
  Frederick (Crypt:3)
  The ghost of AigisTheKnight the Metallomancer, an adept GrEE of Vehumet (Depths:1)
  Margery (Crypt:1)
  4 golden dragons
  Nikola (Depths:2)
  The ghost of Usuebad the Warrior, an adept DgCj (Depths:1)
  Jory (Crypt:3)
  2 profane servitors
  7 bone dragons
  The ghost of Ichou the Practitioner, an adept HOFi of Elyvilon (D:15)
  2 shard shrike zombies (Abyss:3)
  5 tentacled monstrosities
  A hellephant (Abyss:1)
  The ghost of swappor the Warrior, an adept MiBe of Trog (Swamp:3)
  Jorgrun (D:13)
  A walking earthen tome (D:15)
  The ghost of Foimof the Imperceptible, an adept FeVM of Ru (Depths:1)
  15 liches
  2 deep elf blademasters (Elf:3)
  A quicksilver dragon (Vaults:4)
  Asterion (Elf:3)
  A deep elf master archer (Elf:3)
  34 tentacled starspawn
  4 titans
  13 acid blobs
  13 sphinxes
  3 Executioners
  11 tengu reavers
  Kirke (Spider:2)
  6 ancient champions
  2 shadow dragons
  2 thorn hunters (Swamp:3)
  2 revenants
  7 storm dragons
  Roxanne (Swamp:1)
  A nagaraja (Abyss:1)
  10 rockslimes
  3 fenstrider witches (Swamp:3)
  An orc warlord (Vaults:4)
  11 fire giants
  A daeva (Abyss:1)
  5 emperor scorpions
  11 frost giants
  12 azure jellies
  5 ghost moths
  16 vault wardens
  3 imperial myrmidons (Desolation)
  3 balrugs
  Louise (Spider:1)
  7 deep elf elementalists
  3 iron dragons
  7 deep elf sorcerers
  A shard shrike simulacrum (Abyss:3)
  3 spectral caustic shrikes (Depths:4)
  2 draconian scorchers (Depths:4)
  A draconian annihilator (Abyss:1)
  4 cacodemons
  The ghost of Waedd the Thaumaturge, a journeyman OpVM of Hepliaklqana (Depths:1)
  A curse skull (Crypt:2)
  A juggernaut skeleton (Abyss:3)
  2 broodmothers (Spider:3)
  A draconian stormcaller (Abyss:4)
  5 war gargoyles
  16 ironbound preservers
  5 reapers
  A spriggan defender (Depths:2)
  2 angels
  10 quicksilver oozes
  14 stone giants
  19 ghouls
  46 very ugly things
  A green draconian (Depths:4)
  2 black draconians (Depths:4)
  7 ironbound thunderhulks
  9 vampire knights
  11 deep elf demonologists
  11 eleionomae
  5 dire elephants
  The ghost of Foxy the Nimble, a journeyman SpEE of Kikubaaqudgha (Lair:3)
  2 lorocyprocas (Abyss:3)
  4 purple draconians
  2 entropy weavers
  Nessos (D:14)
  A halazid warlock (Desolation)
  Azrael (D:13)
  15 spark wasps
  2 white draconians
  5 bunyips
  8 deep elf annihilators
  Snorg (Lair:5)
  4 crystal guardians
  2 eidola (Crypt:2)
  A yellow draconian (Depths:4)
  2 minotaurs
  8 ettins
  8 mummy priests
  The ghost of Redaf the Thaumaturge, a journeyman DjFE of Gozag (D:11)
  A blizzard demon (Abyss:3)
  The ghost of Zuiha the Thaumaturge, a journeyman DrCj of Vehumet (D:13)
  6 ragged hierophants (Desolation)
  7 deep elf death magi
  11 fire dragons
  2 green deaths (Abyss:3)
  13 yaktaur captains
  15 great orbs of eyes
  27 jiangshi
  The ghost of Pooter the Cleaver, a journeyman MiBe of Trog (D:10)
  Josephine (D:10)
  A fenstrider witch zombie (Crypt:2)
  2 shambling mangroves (Swamp:3)
  5 servants of whispers
  7 deep elf high priests
  A great orb of eyes (shapeshifter) (Abyss:1)
  7 rakshasas
  11 ice dragons
  The ghost of ASSMAN the Nimble, a journeyman DEDe of Vehumet (Lair:4)
  A catoblepas (Lair:5)
  9 peacekeepers
  4 spriggan air magi
  Erica (D:10)
  A naga warrior (Abyss:5)
  40 vault guards
  7 ironbound frosthearts
  A radroach (shapeshifter) (Depths:3)
  An ogre mage (Vaults:5)
  3 ghost crabs
  24 hydras
  5 death knights
  6 boulder beetles
  6 centaur warriors
  A satyr (shapeshifter) (Depths:2)
  3 spriggan skeletons
  102 slime creatures
  2 two-headed ogres
  26 death scarabs
  An alligator (shapeshifter) (Abyss:3)
  11 deep troll earth magi
  9 vampire magi
  7 tengu warriors
  An anaconda (shapeshifter) (Depths:3)
  8 deep troll shamans
  8 alligators
  A shock serpent (shapeshifter) (Depths:1)
  5 soul eaters
  10 sun demons
  4 hell hogs
  5 spriggan berserkers
  30 hell knights
  6 orc high priests
  38 thrashing horrors
  Nergalle (D:10)
  Sonja (D:10)
  31 wretched stars
  10 deep elf knights
  A titan skeleton (Abyss:3)
  A fire crab (shapeshifter) (Abyss:3)
  10 spatial maelstroms
  8 pharaoh ants
  4 goliath frogs
  51 deep trolls
  An iron giant zombie (Tomb:2)
  4 iron trolls
  A death drake (shapeshifter) (Depths:1)
  6 sixfirhies
  A sea snake (shapeshifter) (Depths:3)
  25 skeletal warriors
  9 glowing orange brains
  2 shadow wraiths
  A steelbarb worm (shapeshifter) (Depths:3)
  7 orb spiders
  A quicksilver dragon simulacrum (Crypt:3)
  A glowing orange brain (shapeshifter) (Depths:4)
  3 steelbarb worms
  3 flayed ghosts (Crypt:3)
  8 swamp dragons
  12 phantasmal warriors
  13 lindwurms
  15 bog bodies
  2 spriggan druids
  3 spriggan simulacra
  2 death drakes
  12 necromancers
  Pikel (D:8)
  6 wolf spider zombies (Spider:3)
  14 wizards
  10 deep elf archers
  11 harpies
  An anaconda skeleton (Crypt:1)
  A mana viper (Abyss:3)
  A mana viper (shapeshifter) (D:14)
  2 spectral wolf spiders (Spider:3)
  2 orc knights
  23 deep elf zephyrmancers
  A shining eye (shapeshifter) (Vaults:2)
  21 wolf spiders
  A spectral iron dragon (Crypt:3)
  60 ugly things
  14 ironbound convokers
  25 deep elf pyromancers
  4 orc sorcerers
  6 will-o-the-wisps
  A shining eye (Slime:5)
  A salamander (Abyss:5)
  2 manticores
  4 cyclopes
  An elephant (shapeshifter) (D:13)
  A guardian serpent (shapeshifter) (Vaults:5)
  15 vault sentinels
  5 moths of wrath
  4 worldbinders
  A stone giant skeleton (Vaults:1)
  An iron dragon skeleton (Crypt:2)
  5 guardian serpents
  A dire elephant zombie (Abyss:3)
  Joseph (D:7)
  A frost giant skeleton (Vaults:1)
  16 elephants (Lair:6)
  8 apocalypse crabs
  23 smoke demons
  6 black mambas
  A rust devil (Lair:4)
  A cane toad (shapeshifter) (Elf:3)
  A molten gargoyle (Desolation)
  13 torpor snails
  2 eyes of devastation
  A centaur skeleton (Tomb:1)
  A titan simulacrum (Crypt:1)
  4 cane toads
  A dire elephant skeleton (Crypt:2)
  7 komodo dragons
  4 unseen horrors
  10 orange demons
  2 hellions
  Psyche (D:8)
  28 yaktaurs
  8 demonic crawlers
  4 efreet
  3 tormentors
  3 kobold demonologists
  8 rime drakes
  17 guardian mummies
  3 hellwings
  4 very ugly thing simulacra (IceCv)
  5 entropy weaver simulacra (IceCv)
  4 freezing wraiths
  2 tengu conjurers
  A yaktaur (shapeshifter) (Vaults:5)
  A white draconian skeleton (Crypt:1)
  3 ice devils
  A minotaur skeleton (Crypt:2)
  24 meliai
  A meliai (shapeshifter) (Vaults:5)
  18 ancient zymes
  3 polar bears
  A tengu simulacrum (Vaults:1)
  A wind drake (shapeshifter) (D:11)
  A red draconian skeleton (Crypt:2)
  A polar bear (shapeshifter) (Elf:2)
  2 harpy zombies
  22 hornets
  3 harpy skeletons
  A death drake zombie (Crypt:2)
  48 saltlings
  5 trolls
  4 wolf spider simulacra (Spider:3)
  13 tyrant leeches
  26 tarantellas
  A deep troll zombie (Vaults:1)
  A moth of wrath zombie (Crypt:1)
  Prince Ribbit (Bailey)
  A snapping turtle (shapeshifter) (Depths:3)
  17 dream sheep
  19 blink frogs
  2 meliai zombies
  47 raiju
  A raiju (shapeshifter) (Depths:4)
  An ettin skeleton (Abyss:3)
  13 culicivoras
  30 jumping spiders
  8 spriggans
  An air elemental (Elf:1)
  A jumping spider (shapeshifter) (Vaults:5)
  50 flying skulls
  19 wraiths
  2 vampires
  5 humans (Bailey)
  4 wyverns
  3 shadows
  32 yaks
  20 ynoxinuls
  3 fire elementals
  4 ushabtiu (Tomb:2)
  5 basilisks
  12 water elementals
  11 chaos spawn
  3 fire bats
  57 large abominations
  3 steam dragons
  9 neqoxecs
  3 hogs (Spider:2)
  61 redbacks
  4 vampire mosquitoes (D:13)
  A human simulacrum (Vaults:1)
  A basilisk (shapeshifter) (Depths:1)
  2 redbacks (shapeshifter)
  Menkaure (D:6)
  4 spatial vortices
  15 swamp worms
  2 wargs (Elf:3)
  A harpy simulacrum (Crypt:1)
  7 hell hounds
  3 acid dragons
  2 demonic crawler simulacra (IceCv)
  A water nymph skeleton (Crypt:1)
  2 naga skeletons
  A floating eye (Depths:1)
  14 water moccasins
  24 orc warriors
  A sky beast (D:8)
  2 ugly thing simulacra (IceCv)
  12 swamp drakes
  An ettin simulacrum (Crypt:3)
  A swamp drake (shapeshifter) (Depths:3)
  A black mamba simulacrum (Lair:3)
  A black bear (D:2)
  2 boulder beetle simulacra (Lair:3)
  8 centaurs
  78 starcursed masses
  11 necrophages
  3 wolves (Lair:3)
  5 ogres
  2 boggarts (D:14)
  A swamp dragon skeleton (Crypt:2)
  A salamander zombie (Crypt:1)
  8 kobold brigands
  2 phantoms
  3 human skeletons (Vaults:1)
  A gnoll sergeant (D:5)
  2 scorpions
  5 earth elementals
  19 bullfrogs
  2 water moccasin zombies
  A cane toad simulacrum (Lair:3)
  A polar bear zombie (Crypt:1)
  A water moccasin skeleton (D:6)
  50 small abominations
  7 killer bees
  21 wights
  2 howler monkeys (D:9)
  5 electric eels
  A komodo dragon simulacrum (Lair:3)
  4 quasits
  2 centaur zombies
  4 hounds
  37 orc priests
  4 iron imps
  2 jellies
  2 bullfrog skeletons
  7 iguanas
  Ijyb (D:5)
  21 orc wizards
  A hell rat (Hell)
  A killer bee zombie (D:7)
  A sky beast zombie (Crypt:1)
  A deep dwarf zombie (Crypt:2)
  A hound zombie (D:3)
  27 mummies
  2 howler monkey zombies
  11 adders
  10 gnolls
  6 white imps
  11 ufetubi
  A lava snake skeleton (Crypt:2)
  2 worms
  A barachi zombie (Crypt:2)
  3 dart slugs
  95 orcs
  A spectral bat (Ossuary)
  7 ball pythons
  8 endoplasms
  4 giant cockroaches
  11 goblins
  8 hobgoblins
  4 jackals (D:5)
  41 kobolds
  3 quokkas
  A river rat zombie (Crypt:1)
  2 bats
  3 bat simulacra (Ossuary)
  3 frilled lizards
  12 gnoll zombies (Ossuary)
  4 goblin zombies (Ossuary)
  7 hobgoblin zombies (Ossuary)
  6 kobold simulacra (Ossuary)
  3 kobold zombies (Ossuary)
  5 orc zombies
  5 rats
  4 rat simulacra (Ossuary)
  A spectral goblin (Ossuary)
  A spectral kobold (Ossuary)
  2 spectral rats (Ossuary)
  A bush (Swamp:4)
  4 lurking horrors (Abyss:3)
  8 starspawn tentacles
3103 creatures vanquished.

Vanquished Creatures (collateral kills)
  A titan (Vaults:5)
  2 orc knights
3 creatures vanquished.

Vanquished Creatures (others)
  A deep elf master archer (Elf:3)
  An eldritch tentacle (Abyss:1)
  A tentacled starspawn (Abyss:3)
  A revenant (Crypt:3)
  A spriggan defender (Depths:1)
  A mummy priest (Tomb:1)
  An ice dragon (Depths:3)
  26 dancing weapons
  A thrashing horror (Abyss:1)
  A vampire mage (Depths:1)
  A deep elf knight (Elf:2)
  3 shadow wraiths (Crypt:3)
  A swamp dragon (Swamp:3)
  2 bog bodies
  A rust devil (Abyss:3)
  A rime drake (Lair:6)
  A large abomination (Abyss:1)
  A saltling (Desolation)
  A tarantella (Spider:4)
  2 slime creatures (IceCv)
  2 raiju
  An air elemental (Abyss:3)
  2 starcursed masses (Abyss:3)
  A hog (shapeshifter) (Vaults:5)
  2 humans (Spider:2)
  A wraith (Crypt:3)
  A fire bat (Abyss:3)
  A neqoxec (Abyss:3)
  An orc warrior (Vaults:5)
  4 small abominations
  2 wights (D:9)
  An orc priest (Orc:2)
  A bush (Swamp:4)
  48 foxfires
  22 fungi
  4 lurking horrors (Abyss:3)
  40 plants
  118 starspawn tentacles
301 creatures vanquished.

Grand Total: 3407 creatures vanquished

Notes
Turn   | Place    | Note
-------+----------+-------------------------------------------
     0 | D:1      | Shayle the Demonspawn Warper began the quest for the Orb.
     0 | D:1      | Reached XP level 1. HP: 16/16 MP: 3/3
     4 | D:1      | Noticed an electric eel
    37 | D:1      | Reached skill level 1 in Stealth
   384 | D:1      | Gained mutation: You are partially covered in sharp spines.
                  | [demonic ancestry]
   384 | D:1      | Reached XP level 2. HP: 18/22 MP: 5/5
   440 | D:1      | You fall into a shaft and drop 1 floor!
   761 | D:1      | Reached XP level 3. HP: 20/27 MP: 6/6
  1354 | D:2      | Noticed a black bear
  1362 | D:2      | Killed a black bear
  1363 | D:2      | Reached XP level 4. HP: 25/33 MP: 7/7
  1370 | D:2      | Learned a level 2 spell: Blink
  1468 | D:2      | Identified the +10 mace of Maor {freeze, *Slow Str+7 Int-3
                  | SInv}
  1490 | D:2      | Found a faded altar of an unknown god.
  1633 | D:2      | Gained mutation: You regenerate magic rapidly. [demonic
                  | ancestry]
  1633 | D:2      | Reached XP level 5. HP: 27/38 MP: 8/8
  2005 | D:3      | Found Arat's Antique Armour Emporium.
  2060 | D:3      | Found a shimmering blue altar of Sif Muna.
  2065 | D:3      | Found a hide-covered altar of Uskayaw.
  2197 | D:3      | Identified the +10 spear of Weavoi Myru {speed, Str+6}
  2241 | D:3      | Gained mutation: When hurt, damage is shared between your
                  | health and your magic reserves. [demonic ancestry]
  2241 | D:3      | Reached XP level 6. HP: 32/44 MP: 9/9
  2662 | D:4      | Reached skill level 5 in Stealth
  2671 | D:4      | Identified a scroll of acquirement
  2671 | D:4      | Acquired the +8 orange crystal plate armour {Archmagi,
                  | Int+3 Clar}
  2671 | D:4      | Found the +8 orange crystal plate armour {Archmagi, Int+3
                  | Clar}
  2874 | D:4      | Reached skill level 1 in Armour
  3087 | D:4      | Found a staircase to the Ecumenical Temple.
  3096 | Temple   | Entered the Ecumenical Temple
  3172 | Temple   | Became a worshipper of Gozag Ym Sagoz the Greedy
  3639 | D:4      | Found a broken altar of Ashenzari.
  3736 | D:5      | Entered Level 5 of the Dungeon
  3758 | D:4      | Gained mutation: You are partially covered in slimy green
                  | scales. (AC +2) [demonic ancestry]
  3758 | D:4      | Reached XP level 7. HP: 44/50 MP: 10/10
  3762 | D:4      | Acquired 369 gold pieces
  3999 | D:5      | Found a blossoming altar of Fedhas.
  4001 | D:5      | Noticed Ijyb
  4014 | D:5      | Paralysed by Ijyb for 5 turns
  4029 | D:5      | Killed Ijyb
  4092 | D:5      | Found the +8 whip "Snakebite" {venom, curare, rPois}
  4151 | D:5      | Reached skill level 5 in Shields
  4777 | D:5      | Gained mutation: You have a small tail. [demonic ancestry]
  4777 | D:5      | Reached XP level 8. HP: 55/56 MP: 11/11
  4906 | D:6      | Noticed Menkaure
  4911 | D:6      | Killed Menkaure
  4975 | D:6      | Noticed a manticore
  4983 | D:6      | Killed a manticore
  4984 | D:6      | Reached skill level 5 in Armour
  5011 | D:6      | Found a sand-covered staircase.
  5020 | Ossuary  | Entered an ossuary
  6437 | D:7      | Gained mutation: When low on magic, you restore magic in
                  | place of health. [demonic ancestry]
  6437 | D:7      | Reached XP level 9. HP: 61/61 MP: 12/12
  6492 | D:7      | Found a stormy altar of Qazlal.
  6542 | D:7      | Found Ebuthuc's General Store.
  6605 | D:7      | Acquired the +0 pair of fencer's gloves {Riposte Dex+3}
  6605 | D:7      | Found the +0 pair of fencer's gloves {Riposte Dex+3}
  6621 | D:7      | Noticed Joseph
  6639 | D:7      | Killed Joseph
  7153 | D:8      | Noticed Pikel
  7172 | D:8      | Killed Pikel
  7173 | D:8      | Reached XP level 10. HP: 67/67 MP: 13/13
  7260 | D:8      | Found a flagged portal.
  7270 | Bailey   | Entered a bailey
  7507 | Bailey   | Noticed Prince Ribbit
  7508 | Bailey   | Noticed a vault guard
  7523 | Bailey   | Killed Prince Ribbit
  7527 | Bailey   | Killed a vault guard
  7528 | Bailey   | Reached skill level 5 in Fighting
  7647 | Bailey   | Noticed a vault guard
  7661 | Bailey   | Killed a vault guard
  7981 | D:8      | Reached skill level 10 in Armour
  8014 | D:8      | Gained mutation: You are mostly covered in slimy green
                  | scales. (AC +3) [demonic ancestry]
  8014 | D:8      | Reached XP level 11. HP: 81/83 MP: 14/14
  8340 | D:8      | Noticed Psyche
  8346 | D:8      | Killed Psyche
  8627 | D:8      | Found a hazy altar of Hepliaklqana.
  9057 | D:9      | Found a staircase to the Lair.
  9063 | Lair:1   | Entered Level 1 of the Lair of Beasts
  9213 | Lair:1   | Identified the +6 flail "Lijecej" {protect, rC- Str+7 Int+4
                  | Dex+4}
  9237 | Lair:1   | Noticed a four-headed hydra
  9258 | Lair:1   | Killed a four-headed hydra
  9565 | Lair:1   | Noticed a four-headed hydra
  9572 | Lair:1   | Killed a four-headed hydra
  9632 | Lair:1   | Identified the +3 ring mail of Impermeability {rC+}
 10360 | Lair:2   | Found a runed translucent door.
 11128 | Lair:3   | Found a runed translucent gate.
 11128 | Lair:3   | Found a runed translucent gate.
 11128 | Lair:3   | Found a runed translucent gate.
 11212 | Lair:3   | Found a staircase to the Swamp.
 11212 | Lair:3   | Noticed a bog body
 11219 | Lair:3   | Noticed a bog body
 11221 | Lair:3   | Killed a bog body
 11222 | Lair:3   | Reached XP level 12. HP: 86/97 MP: 15/15
 11239 | Lair:3   | Reached skill level 10 in Fighting
 11520 | Lair:3   | Noticed Foxy's ghost (journeyman SpEE)
 11520 | Lair:3   | Noticed an ice dragon
 11522 | Lair:3   | Found the +10 morningstar "Eos" {elec, Halo rElec}
 12318 | Lair:4   | Found a transporter.
 12622 | Lair:4   | Noticed a rakshasa
 12639 | Lair:4   | Found a hole to the Spider Nest.
 12682 | Lair:4   | Found a transporter.
 12682 | Lair:4   | Found a one-way gate to the infinite horrors of the Abyss.
 12682 | Lair:4   | Noticed ASSMAN's ghost (journeyman DEDe)
 12689 | Lair:4   | Noticed a five-headed hydra
 12697 | Lair:4   | Killed a five-headed hydra
 13604 | Lair:5   | Got the Collected Works on Flamy Curses
 13740 | Lair:5   | Noticed a seven-headed hydra
 13751 | Lair:5   | Killed a seven-headed hydra
 13774 | Lair:5   | Acquired the ring "Ockaaq" {rElec Dex+4 Slay+4 Stlth+}
 13984 | Lair:5   | Noticed Snorg
 13997 | Lair:5   | Killed Snorg
 14464 | Lair:6   | Entered Level 6 of the Lair of Beasts
 14490 | Lair:6   | Gained mutation: You are completely covered in slimy green
                  | scales. (AC +4, rPois) [demonic ancestry]
 14490 | Lair:6   | Reached XP level 13. HP: 102/108 MP: 14/16
 15668 | Lair:6   | Found a viscous altar of Jiyva.
 15669 | Lair:6   | Found a staircase to the Slime Pits.
 15861 | Lair:6   | Noticed a fire dragon
 15893 | Lair:6   | Killed a fire dragon
 16218 | Lair:6   | Identified the +5 robe of Imakinyr {rElec Int-3 Slay+6}
 16704 | Lair:6   | Reached skill level 15 in Armour
 16830 | Lair:6   | Found a runed translucent door.
 16838 | Lair:6   | Noticed a fire dragon
 16857 | Lair:6   | Killed a fire dragon
 17298 | Lair:6   | Reached XP level 14. HP: 111/121 MP: 17/17
 17928 | Lair:1   | Acquired the +2 buckler of Kikubaaqudgha's Fury {rElec rF++
                  | rN+ MP-9}
 17930 | Lair:1   | Acquired the +3 Elemental Staff {rElec rF++ rC++ AC+5}
 17930 | Lair:1   | Found the +3 Elemental Staff {rElec rF++ rC++ AC+5}
 18549 | D:9      | Reached skill level 1 in Staves
 19099 | D:10     | Entered Level 10 of the Dungeon
 19268 | D:10     | Found a runed translucent gate.
 19268 | D:10     | Found a runed translucent gate.
 19268 | D:10     | Found a runed translucent gate.
 19268 | D:10     | Noticed Pooter's ghost (journeyman MiBe)
 19270 | D:10     | Found a basalt altar of Yredelemnul.
 19361 | D:10     | Noticed Nergalle
 19392 | D:10     | Killed Nergalle
 19585 | D:10     | Found a radiant altar of Vehumet.
 19655 | D:10     | Noticed Sonja
 19668 | D:10     | Killed Sonja
 19998 | D:10     | Noticed Josephine
 20029 | D:10     | Killed Josephine
 20295 | D:10     | Noticed Erica
 20304 | D:10     | Killed Erica
 20514 | D:11     | Noticed Redaf's ghost (journeyman DjFE)
 20533 | D:11     | Found a runed translucent gate.
 20534 | D:11     | Found a runed translucent gate.
 20546 | D:11     | Found a runed translucent gate.
 20651 | D:11     | Found a staircase to the Orcish Mines.
 20783 | D:11     | Found Fitual's Weapon Shoppe.
 22723 | D:13     | Reached skill level 5 in Staves
 22809 | D:13     | Found a runed translucent door.
 22812 | D:13     | Noticed Zuiha's ghost (journeyman DrCj)
 22813 | D:13     | Noticed a sphinx
 23254 | D:13     | Noticed Azrael
 23312 | D:13     | Killed Azrael
 23533 | D:13     | Found a gate to the Vaults.
 23864 | D:13     | Found a shimmering blue altar of Sif Muna.
 24448 | D:14     | Found Vilaw's Jewellery Boutique.
 24519 | D:14     | Bought the ring of Arhusong {Wiz rF+ rN+ Int+2 Stlth+} for
                  | 717 gold pieces
 25010 | D:14     | Noticed Nessos
 25023 | D:14     | Noticed Jorgrun
 25365 | D:13     | Killed Jorgrun
 25604 | D:14     | Killed Nessos
 26425 | D:15     | Entered Level 15 of the Dungeon
 26510 | D:15     | Gained mutation: You are mostly covered in sharp spines.
                  | [demonic ancestry]
 26510 | D:15     | Reached XP level 15. HP: 117/127 MP: 9/18
 26837 | D:15     | Found a staircase to the Depths.
 28143 | Swamp:1  | Entered Level 1 of the Swamp
 29070 | Swamp:1  | Identified Roxanne's Almanac of Changing
 29070 | Swamp:1  | Noticed Roxanne
 30075 | Orc:1    | Entered Level 1 of the Orcish Mines
 30261 | D:10     | Killed Pooter's ghost
 30926 | Orc:2    | Entered Level 2 of the Orcish Mines
 30988 | Orc:2    | Found a staircase to the Elven Halls.
 31555 | Orc:2    | Gained mutation: Your body sometimes deteriorates upon
                  | taking damage. [a neqoxec]
 31558 | Orc:2    | Gained mutation: Your flesh is heat resistant. (rF+) [a
                  | neqoxec]
 31562 | Orc:2    | Gained mutation: You are weak. (Str -2) [a neqoxec]
 32105 | Orc:2    | Found Odacaxiomu's Assorted Antiques.
 32105 | Orc:2    | Found Hesoryen's Book Boutique.
 32107 | Orc:2    | Found Vuustuets's Distillery.
 32110 | Orc:2    | Found Kobimn's Assorted Antiques.
 32115 | Orc:2    | Bought a potion of heal wounds for 60 gold pieces
 32115 | Orc:2    | Bought a potion of curing for 36 gold pieces
 32497 | Orc:2    | Lost mutation: Your body sometimes deteriorates upon taking
                  | damage. [potion of mutation]
 32497 | Orc:2    | Lost mutation: You are weak. (Str -2) [potion of mutation]
 32497 | Orc:2    | Gained mutation: You are agile. (Dex +2) [potion of
                  | mutation]
 32497 | Orc:2    | Gained mutation: You passively map a small area around you.
                  | [potion of mutation]
 32833 | Spider:1 | Entered Level 1 of the Spider Nest
 32880 | Spider:1 | Reached skill level 10 in Staves
 33377 | Spider:1 | Identified the +2 ring mail "Vethazxi" {rElec rN++ Str+4
                  | Dex-3}
 33398 | Spider:1 | Noticed an emperor scorpion
 33423 | Spider:1 | Killed an emperor scorpion
 33516 | Spider:1 | Noticed Louise
 33534 | Spider:1 | Killed Louise
 33950 | Spider:1 | Reached XP level 16. HP: 123/134 MP: 10/19
 34658 | Spider:2 | Noticed Kirke
 34683 | Spider:2 | Killed Kirke
 34840 | Spider:2 | Found a frozen archway.
 34847 | IceCv    | Entered an ice cave
 37589 | IceCv    | Found a viscous altar of Jiyva.
 37827 | IceCv    | Got Ypri's Incunabulum of Cold
 37831 | IceCv    | Identified the amulet of Xom's Capriciousness {RegenMP Harm
                  | Str+4}
 38299 | Lair:4   | Upgraded the game from 0.28-a0-1374-ga75cb3825e to
                  | 0.28-a0-1382-g92835e5c71
 38576 | D:11     | Killed Redaf's ghost
 38582 | D:11     | Identified the +10 demon trident "Newt's Death Toll"
                  | {flame, Fly rN+ Dex+4}
 40567 | Swamp:3  | Noticed a thorn hunter
 40577 | Swamp:3  | Noticed swappor's ghost (adept MiBe)
 40578 | Swamp:3  | Noticed a thorn hunter
 40661 | Swamp:3  | Found a transporter.
 40685 | Swamp:3  | Found a transporter.
 41152 | Swamp:4  | Entered Level 4 of the Swamp
 41155 | Swamp:4  | Paralysed by a fenstrider witch for 2 turns
 41634 | Swamp:4  | Reached XP level 17. HP: 105/140 MP: 8/20
 42407 | Swamp:4  | Noticed a tentacled monstrosity
 42425 | Swamp:4  | Killed a tentacled monstrosity
 42714 | Swamp:4  | Noticed the 27-headed Lernaean hydra
 42731 | Swamp:4  | Killed the 27-headed Lernaean hydra
 42819 | Swamp:4  | Got a decaying rune of Zot
 47049 | Spider:4 | Entered Level 4 of the Spider Nest
 47633 | Spider:4 | Reached XP level 18. HP: 52/147 MP: 8/23
 47992 | Spider:3 | Reached skill level 5 in Spellcasting
 49683 | Spider:4 | Got a gossamer rune of Zot
 50156 | Vaults:1 | Entered Level 1 of the Vaults
 51000 | Vaults:1 | Found a portal to a secret trove of treasure.
 51705 | Elf:1    | Entered Level 1 of the Elven Halls
 51963 | Elf:1    | Reached skill level 10 in Spellcasting
 52256 | Elf:1    | Got the Incunabulum of the Elephant
 53427 | Elf:2    | Found Fizuclae's Magic Scroll Shop.
 53430 | Elf:2    | Bought a scroll of teleportation for 54 gold pieces
 53430 | Elf:2    | Bought a scroll of teleportation for 54 gold pieces
 53430 | Elf:2    | Bought a scroll of fog for 36 gold pieces
 53508 | Elf:2    | Identified the +5 mace of Infection {venom, rCorr}
 53652 | Elf:2    | Found a runed translucent gate.
 53652 | Elf:2    | Found a runed translucent gate.
 53653 | Elf:2    | Found a runed translucent gate.
 54122 | Elf:2    | Gained mutation: You have a tail ending in a sharp stinger.
                  | [demonic ancestry]
 54122 | Elf:2    | Reached XP level 19. HP: 92/153 MP: 26/35
 54835 | Elf:3    | Entered Level 3 of the Elven Halls
 55419 | Elf:3    | Noticed Asterion
 55435 | Elf:3    | Killed Asterion
 55776 | Elf:3    | Identified the +1 plate armour of Doybb {Rampage rElec rC-
                  | Int+2}
 55786 | Elf:3    | Identified the +3 war axe of Doom {flame, Dex+4}
 55786 | Elf:3    | Identified the +6 whip "Yfouc" {venom, rPois rN++ Int+3}
 55786 | Elf:3    | Identified the ring "Peodd" {Ice Dex+2}
 55789 | Elf:3    | Identified the +1 broad axe of Ascent {vorpal, Fragile rF++
                  | rCorr Stlth+}
 55789 | Elf:3    | Identified the ring of Mesiriots {rN+ Slay+3}
 56121 | Elf:3    | Cast into level 3 of the Abyss (a deep elf demonologist)
 56461 | Abyss:5  | Entered Level 5 of the Abyss
 56461 | Abyss:5  | Found a corrupted altar of Lugonu.
 56721 | Abyss:5  | Found a corrupted altar of Lugonu.
 56757 | Elf:3    | Escaped the Abyss
 57544 | Elf:3    | Reached skill level 15 in Spellcasting
 57791 | Elf:3    | Bought a potion of curing for 48 gold pieces
 57791 | Elf:3    | Bought a potion of heal wounds for 80 gold pieces
 57791 | Elf:3    | Bought a potion of heal wounds for 80 gold pieces
 57791 | Elf:3    | Bought a potion of curing for 48 gold pieces
 58242 | Orc:2    | Bought a potion of haste for 120 gold pieces
 58243 | Orc:2    | Bought a potion of haste for 240 gold pieces
 58853 | Vaults:1 | You paid a toll of 8 potions of haste to enter a treasure
                  | trove
 58854 | Trove    | Entered a treasure trove
 58882 | Trove    | Got the Volume of Floating Changing
 58892 | Trove    | Identified the amulet of the Doge {Spirit Dex+4}
 58894 | Trove    | Identified the amulet "Rapyc" {Faith rElec Int+2}
 59168 | Lair:1   | Gained mutation: You are robust. (+10% HP) [demonic
                  | ancestry]
 59168 | Lair:1   | Reached XP level 20. HP: 153/176 MP: 30/39
 59471 | Vaults:1 | Acquired a manual of Fighting
 59714 | Vaults:2 | Found Xoxtiul's General Store.
 59987 | Vaults:2 | Found a staircase to the Crypt.
 60016 | Vaults:2 | Reached skill level 15 in Fighting
 60339 | Vaults:2 | Gained mutation: You have a sharp stinger which inflicts
                  | weakening toxins. [demonic ancestry]
 60339 | Vaults:2 | Reached XP level 21. HP: 185/185 MP: 32/41
 60445 | Vaults:2 | Cast into level 2 of the Abyss (a deep elf demonologist)
 61479 | Abyss:2  | Gained mutation: Your body sometimes deteriorates upon
                  | taking damage. [a neqoxec]
 61480 | Abyss:2  | Gained mutation: Your spells are a little easier to cast,
                  | but a little less powerful. [a neqoxec]
 61636 | Vaults:2 | Escaped the Abyss
 61934 | Vaults:2 | Found Coothrakh's Magic Scroll Emporium.
 61944 | Vaults:2 | Bought a scroll of teleportation for 45 gold pieces
 62195 | Vaults:2 | Found the +8 lance "Wyrmbane" {slay drac, rPois rF+ rC+
                  | AC+3}
 62580 | Vaults:2 | Noticed Boris
 62647 | Vaults:2 | HP: 8/191 [Boris/iron shot (38)]
 62648 | Vaults:2 | Killed Boris
 63057 | Vaults:2 | Reached skill level 5 in Polearms
 64945 | Vaults:3 | Cast into level 2 of the Abyss (a wizard)
 65424 | Abyss:2  | Paralysed by a great orb of eyes for 5 turns
 65431 | Abyss:2  | Paralysed by a great orb of eyes for 4 turns
 65519 | Abyss:3  | Found a corrupted altar of Lugonu.
 65527 | Vaults:3 | Escaped the Abyss
 65802 | Vaults:3 | Gained mutation: You are very robust. (+20% HP) [demonic
                  | ancestry]
 65802 | Vaults:3 | Reached XP level 22. HP: 170/223 MP: 30/42
 65810 | Vaults:3 | Lost mutation: Your spells are a little easier to cast, but
                  | a little less powerful. [potion of mutation]
 65810 | Vaults:3 | Lost mutation: Your flesh is heat resistant. (rF+) [potion
                  | of mutation]
 65810 | Vaults:3 | Gained mutation: Your body often deteriorates upon taking
                  | damage. [potion of mutation]
 65810 | Vaults:3 | Gained mutation: You have sharp toenails. [potion of
                  | mutation]
 65810 | Vaults:3 | Gained mutation: Your flesh is cold resistant. (rC+)
                  | [potion of mutation]
 65811 | Vaults:3 | Lost mutation: Your flesh is cold resistant. (rC+) [potion
                  | of mutation]
 65811 | Vaults:3 | Lost mutation: Your body often deteriorates upon taking
                  | damage. [potion of mutation]
 65811 | Vaults:3 | Gained mutation: Your magical capacity is low. (-10% MP)
                  | [potion of mutation]
 65811 | Vaults:3 | Gained mutation: You have a pair of small horns on your
                  | head. [potion of mutation]
 65812 | Vaults:3 | Lost mutation: You are agile. (Dex +2) [potion of mutation]
 65812 | Vaults:3 | Lost mutation: You have a pair of small horns on your head.
                  | [potion of mutation]
 65812 | Vaults:3 | Gained mutation: Your body often deteriorates upon taking
                  | damage. [potion of mutation]
 65812 | Vaults:3 | Lost mutation: Your body often deteriorates upon taking
                  | damage. [potion of mutation]
 65812 | Vaults:3 | Gained mutation: Your flesh is cold resistant. (rC+)
                  | [potion of mutation]
 65813 | Vaults:3 | Lost mutation: Your flesh is cold resistant. (rC+) [potion
                  | of mutation]
 65813 | Vaults:3 | Lost mutation: Your magical capacity is low. (-10% MP)
                  | [potion of mutation]
 65813 | Vaults:3 | Lost mutation: Your body sometimes deteriorates upon taking
                  | damage. [potion of mutation]
 65813 | Vaults:3 | Gained mutation: Your flesh is cold resistant. (rC+)
                  | [potion of mutation]
 66492 | Vaults:4 | Found a crumbling gateway.
 66509 | Desolati | Entered the Desolation of Salt
 67049 | Desolati | Got the Reference Book on Flight
 67540 | Desolati | Identified the ring of Joysmu {*Slow MP+9 Str+8}
 67547 | Desolati | Identified the amulet of Micsox {Spirit rElec rF+ Slay+2}
 67562 | Desolati | Got Xibroroh's Volume of Confrontation
 68045 | Desolati | Identified the ring "Yluoroi" {Fire rPois Int+7 Dex+4}
 68063 | Desolati | Identified the +0 scale mail of the Marlin {rF- Will-
                  | Slay+5 SInv}
 68065 | Desolati | Got the Tome of the Rocks and Dark Arts
 69300 | Vaults:4 | Identified the +3 trident of the Dwarven Hall {flame, Str+4
                  | Int+4}
 70121 | Depths:1 | Entered Level 1 of the Depths
 70128 | Depths:1 | Found a one-way gateway to a ziggurat.
 71041 | Depths:1 | Reached skill level 5 in Dodging
 71131 | Depths:1 | Paralysed by a floating eye for 3 turns
 71303 | Depths:1 | Found a huge runed gate.
 71304 | Depths:1 | Found a huge runed gate.
 71304 | Depths:1 | Found a huge runed gate.
 71304 | Depths:1 | Found a huge runed gate.
 71305 | Depths:1 | Found a huge runed gate.
 71305 | Depths:1 | Found a huge runed gate.
 71305 | Depths:1 | Found a huge runed gate.
 71306 | Depths:1 | Found a huge runed gate.
 71306 | Depths:1 | Found a huge runed gate.
 71306 | Depths:1 | Found a huge runed gate.
 71307 | Depths:1 | Found a huge runed gate.
 71307 | Depths:1 | Found a huge runed gate.
 71308 | Depths:1 | Found a huge runed gate.
 71309 | Depths:1 | Found a huge runed gate.
 71310 | Depths:1 | Found a huge runed gate.
 71322 | Depths:1 | Found a huge runed gate.
 71322 | Depths:1 | Found a huge runed gate.
 71322 | Depths:1 | Found a huge runed gate.
 71322 | Depths:1 | Found a huge runed gate.
 71322 | Depths:1 | Found a huge runed gate.
 71327 | Depths:1 | Found a huge runed gate.
 71328 | Depths:1 | Found a huge runed gate.
 71329 | Depths:1 | Found a huge runed gate.
 71330 | Depths:1 | Found a huge runed gate.
 71534 | Depths:1 | Found a huge runed gate.
 71534 | Depths:1 | Found a huge runed gate.
 71534 | Depths:1 | Found a huge runed gate.
 71651 | Depths:1 | Found an ornate altar of the Wu Jian Council.
 71769 | Depths:1 | Reached XP level 23. HP: 206/243 MP: 31/43
 71774 | Depths:1 | Found a gateway to Hell.
 73001 | Depths:2 | Noticed a juggernaut
 73052 | Depths:2 | Killed a juggernaut
 73158 | Depths:2 | Found a one-way gate leading to the halls of Pandemonium.
 73179 | Depths:2 | Reached skill level 10 in Dodging
 73257 | Depths:2 | Found Cara's Weapon Shop.
 73259 | Depths:2 | Found Xery's Magic Scroll Boutique.
 73262 | Depths:2 | Found Gataedgh's Weapon Shop.
 73362 | Depths:2 | Bought a scroll of teleportation for 39 gold pieces
 73696 | Depths:2 | Noticed Nikola
 73721 | Depths:2 | Killed Nikola
 74614 | Depths:3 | Paralysed by a great orb of eyes for 5 turns
 74974 | Depths:3 | Paralysed by a floating eye for 2 turns
 74982 | Depths:3 | Paralysed by a floating eye for 2 turns
 75743 | Depths:3 | You fall into a shaft and drop 1 floor!
 75743 | Depths:4 | Entered Level 4 of the Depths
 76173 | Depths:3 | Identified the +6 scimitar "Kaenak" {vorpal, *Slow rF+
                  | Int+2}
 76469 | Depths:3 | Identified the +12 shortbow of Yruocenn {flame, rC+ rCorr
                  | Str+3 Int-3}
 76571 | Depths:4 | Found Suuja's Elemental Accessories.
 76607 | Depths:4 | Paralysed by a hornet for 3 turns
 76772 | Depths:4 | Reached XP level 24. HP: 205/252 MP: 32/43
 76919 | Depths:4 | Reached skill level 15 in Dodging
 77816 | Depths:4 | Found a gate to the Realm of Zot.
 78361 | D:13     | Killed Zuiha's ghost
 78574 | Lair:3   | Killed Foxy's ghost
 78772 | Lair:4   | Identified the +6 trident of Doom {vorpal, Will++ Str-2
                  | Int+2 Dex+2}
 78804 | Lair:4   | Killed ASSMAN's ghost
 78955 | Swamp:1  | Killed Roxanne
 79320 | Swamp:3  | Paralysed by a fenstrider witch for 3 turns
 79380 | Swamp:3  | Killed swappor's ghost
 80151 | Depths:1 | Found a huge runed gate.
 80151 | Depths:1 | Found a huge runed gate.
 80151 | Depths:1 | Found a huge runed gate.
 80151 | Depths:1 | Found a huge runed gate.
 80151 | Depths:1 | Found a huge runed gate.
 80151 | Depths:1 | Found a huge runed gate.
 80162 | Depths:1 | Noticed Usuebad's ghost (adept DgCj)
 80162 | Depths:1 | Noticed Foimof's ghost (adept FeVM)
 80162 | Depths:1 | Noticed Waedd's ghost (journeyman OpVM)
 80163 | Depths:1 | Noticed Ichou's ghost (adept HOFi)
 80163 | Depths:1 | Noticed ardl's ghost (master MfIE)
 80163 | Depths:1 | Noticed AigisTheKnight's ghost (adept GrEE)
 80166 | Depths:1 | Paralysed by a floating eye for 2 turns
 80366 | D:15     | Killed Ichou's ghost
 80544 | Depths:1 | Killed Foimof's ghost
 80590 | Depths:1 | Killed AigisTheKnight's ghost
 80805 | Depths:1 | Killed Waedd's ghost
 80883 | Depths:1 | Killed Usuebad's ghost
 80905 | Depths:1 | Identified the ring of Undoing {rPois rCorr}
 81072 | Depths:1 | Killed ardl's ghost
 81911 | Slime:1  | Entered Level 1 of the Pits of Slime
 83464 | Slime:5  | Entered Level 5 of the Pits of Slime
 83683 | Slime:5  | Noticed the Royal Jelly
 83987 | Slime:5  | Killed the Royal Jelly
 84464 | Slime:5  | Found the macabre finger necklace {rN+}
 84466 | Slime:5  | Got the Incunabulum of Displaced Transformation
 84482 | Slime:5  | Acquired a manual of Spellcasting
 84500 | Slime:5  | Identified the +7 mace of Exhibitionism {vamp, rC+ Dex+2}
 84503 | Slime:5  | Got the Papyrus of Mutagenic Conjuration
 84505 | Slime:5  | Got the Volume of Ice and Clay
 84530 | Slime:5  | Identified the +1 plate armour "Limi" {rN+ Int+3}
 84535 | Slime:5  | Got a slimy rune of Zot
 84552 | Slime:5  | Identified the +10 dagger of Arihu {pain, Dex+4}
 85029 | Vaults:5 | Entered Level 5 of the Vaults
 85093 | Vaults:5 | Reached XP level 25. HP: 194/261 MP: 29/43
 85109 | Vaults:5 | Noticed an ancient lich
 85117 | Vaults:5 | Noticed a dread lich
 85445 | Vaults:5 | Noticed a dread lich
 85482 | Vaults:5 | Killed a dread lich
 85572 | Vaults:5 | Identified the +8 glaive of Razuzerch {vorpal, *Corrode rC+
                  | Str+6 Dex-4}
 85690 | Vaults:5 | Killed a dread lich
 85808 | Vaults:5 | Noticed a dread lich
 86402 | Vaults:5 | Killed an ancient lich
 86421 | Vaults:5 | Identified the +4 flail of the Arena {distort, Str-3 Int+7}
 86607 | Vaults:5 | Paralysed by a dread lich for 5 turns
 86613 | Vaults:5 | Killed a dread lich
 86948 | Vaults:5 | Identified the +2 leather armour of an ossuary {*Slow rElec
                  | rC+ Str+8}
 86966 | Vaults:5 | Got Uxixzie's Catalogue of Fire
 87107 | Vaults:5 | Found the +1 robe of Vines {NoPotionHeal Regen++++}
 87113 | Vaults:5 | Identified the +9 hand crossbow "Glorpo" {venom, Stlth+}
 87113 | Vaults:5 | Identified the ring of Nun Kuh {rCorr Int+6 Dex+6 Stlth-}
 87133 | Vaults:5 | Identified the +9 longbow of Houree {vorpal, rElec Str+2}
 87413 | Vaults:5 | Bought the ring "Kelush" {rC+ rCorr Slay+4} for 1268 gold
                  | pieces
 87443 | Vaults:5 | Got a silver rune of Zot
 88276 | Lair:4   | Voluntarily entered the Abyss.
 88321 | Lair:4   | Escaped the Abyss
 88479 | Lair:4   | Voluntarily entered the Abyss.
 88536 | Abyss:2  | Found a bloodstained altar of Trog.
 88854 | Abyss:3  | Gained mutation: You occasionally shout uncontrollably at
                  | your foes. [a neqoxec]
 89142 | Abyss:3  | Gained mutation: You are completely covered in sharp
                  | spines. [demonic ancestry]
 89142 | Abyss:3  | Reached XP level 26. HP: 179/274 MP: 30/43
 89175 | Lair:4   | Escaped the Abyss
 89333 | Lair:4   | Voluntarily entered the Abyss.
 89347 | Abyss:1  | Paralysed by a great orb of eyes for 6 turns
 89721 | Abyss:1  | Found an opulent altar of Gozag.
 89801 | Abyss:2  | Found a shimmering blue altar of Sif Muna.
 90701 | Abyss:3  | Gained mutation: You are dopey. (Int -2) [a neqoxec]
 90813 | Abyss:3  | Gained mutation: Your flesh is heat resistant. (rF+) [a
                  | neqoxec]
 91936 | Abyss:3  | Paralysed by accursed screaming for 2 turns
 91940 | Abyss:3  | Paralysed by accursed screaming for 1 turns
 92021 | Lair:4   | Escaped the Abyss
 92257 | Lair:4   | Voluntarily entered the Abyss.
 93210 | Abyss:3  | Found a corrupted altar of Lugonu.
 93437 | Abyss:3  | Found a broken altar of Ashenzari.
 93547 | Abyss:3  | Found a corrupted altar of Lugonu.
 93736 | Abyss:3  | Gained mutation: You are extremely robust. (+30% HP)
                  | [demonic ancestry]
 93736 | Abyss:3  | Reached XP level 27. HP: 241/310 MP: 34/44
 94561 | Lair:4   | Escaped the Abyss
 94815 | Lair:4   | Voluntarily entered the Abyss.
 94942 | Abyss:1  | Found a corrupted altar of Lugonu.
 95156 | Abyss:3  | Got an abyssal rune of Zot
 95450 | Abyss:3  | Found a shimmering blue altar of Sif Muna.
 95475 | Lair:4   | Escaped the Abyss
 95854 | Crypt:1  | Entered Level 1 of the Crypt
 96619 | Crypt:1  | Noticed Margery
 96634 | Crypt:1  | Killed Margery
 98624 | Crypt:3  | Entered Level 3 of the Crypt
 98892 | Crypt:2  | Found an ancient bone altar of Kikubaaqudgha.
 98997 | Crypt:3  | Found an ancient bone altar of Kikubaaqudgha.
 99428 | Crypt:3  | Noticed Frederick
 99461 | Crypt:3  | Killed Frederick
 99634 | Crypt:3  | Noticed Jory
 99657 | Crypt:3  | Killed Jory
 99941 | Crypt:3  | Noticed Khufu
100117 | Crypt:3  | Identified the ring "Maafuguf" {Contam rC+ Will+ Stlth+}
100163 | Crypt:3  | Identified the +2 great sword "Tuochaesm" {vorpal, rF+ rC+
                  | Dex+6}
100208 | Crypt:3  | Killed Khufu
100415 | Crypt:3  | Identified the +8 hunting sling of Epsat {vorpal, Will+}
100423 | Crypt:3  | Found a staircase to the Tomb.
100589 | Crypt:3  | Identified the +7 dire flail of the Sky {vorpal, rElec rN+
                  | Int+2}
100937 | Crypt:3  | Got the Collected Works on Necromancy
100977 | Tomb:1   | Entered Level 1 of the Tomb of the Ancients
101283 | Tomb:1   | Gained mutation: You sometimes lose the ability to read
                  | scrolls when taking damage. [a neqoxec]
101296 | Tomb:1   | Lost mutation: You are dopey. (Int -2) [potion of mutation]
101296 | Tomb:1   | Lost mutation: You passively map a small area around you.
                  | [potion of mutation]
101296 | Tomb:1   | Gained mutation: You are somewhat resistant to further
                  | mutation. [potion of mutation]
101297 | Tomb:1   | Lost mutation: You have sharp toenails. [potion of
                  | mutation]
101297 | Tomb:1   | Lost mutation: You sometimes lose the ability to read
                  | scrolls when taking damage. [potion of mutation]
101297 | Tomb:1   | Gained mutation: You sometimes lose the ability to read
                  | scrolls when taking damage. [potion of mutation]
101298 | Tomb:1   | Lost mutation: You occasionally shout uncontrollably at
                  | your foes. [potion of mutation]
101298 | Tomb:1   | Lost mutation: You sometimes lose the ability to read
                  | scrolls when taking damage. [potion of mutation]
102200 | Tomb:1   | Noticed a royal mummy
102215 | Tomb:1   | Killed a royal mummy
102672 | Tomb:1   | Noticed a royal mummy
102685 | Tomb:1   | Noticed a royal mummy
102697 | Tomb:1   | Killed a royal mummy
102704 | Tomb:1   | Killed a royal mummy
103057 | Tomb:1   | Gained mutation: Your spells are a little easier to cast,
                  | but a little less powerful. [mutagenic glow]
103069 | Tomb:1   | Gained mutation: Your magical capacity is low. (-10% MP)
                  | [mutagenic glow]
103217 | Tomb:2   | Noticed a royal mummy
103217 | Tomb:2   | Noticed a royal mummy
103217 | Tomb:2   | Noticed a royal mummy
103217 | Tomb:2   | Noticed a royal mummy
104329 | Hell     | Entered the Vestibule of Hell
104329 | Hell     | Noticed Geryon
104382 | Hell     | Found a gateway to the freezing wastes of Cocytus.
104394 | Coc:1    | Entered Level 1 of Cocytus
104403 | Coc:1    | Noticed a juggernaut
104404 | Coc:1    | Noticed a juggernaut
104405 | Coc:1    | Noticed a juggernaut
104412 | Coc:1    | HP: 6/318 [tainted leviathan/large rock (15)]
104412 | Coc:1    | Slain by a frost giant

Illustrated notes

Levels and vault maps discovered:
D:1:      arrival_aquarium_a, layout_loops_ring
D:2:      kennysheep_big_flooded_room, layout_basic,
          shapermc_ecumenical_altar_ellora, minmay_pentomino_t4
D:3:      layout_rooms, mainiacjoe_overflow_big_doors, serial_shops,
          nicolae_shop_behind_doors
D:4:      nicolae_cairo_tiling_very_big, layout_basic,
          nicolae_overflow_hidden_temple
D:5:      layout_cave_pods, fedhas_altar_2, minmay_hedge_maze,
          kennysheep_small_circle, uniq_ijyb
D:6:      layout_basic, nicolae_ossuary_entry_monument,
          nicolae_underground_beach, uniq_menkaure
D:7:      layout_cave_pools, lemuel_round_altar, palyth_stone_intersect,
          nicolae_take_the_stairs, kennysheep_diamond, the_hattery, uniq_joseph
D:8:      layout_basic, nicolae_hepliaklqana_hippocampus, enter_bailey_6,
          uniq_pikel, uniq_psyche
D:9:      layout_basic, lair_entry_dummy, grunt_ministairs_4
D:10:     layout_stronghold, vehumet_altar_wand_db,
          nicolae_yredelemnul_ghost_church, uniq_sonja, uniq_erica,
          uniq_nergalle, uniq_josephine
D:11:     layout_cave_pools, hiddenorc1_lemuel, maelrawn_ghost_gauntlet_escape,
          serial_shops, nicolae_shop_bloodbath_and_beyond, grunt_ministairs_15,
          patterned_corridor
D:12:     layout_layer_cave, minmay_tree_intersection
D:13:     layout_loops_corners, erik_vaults_1, ebering_ghost_inner_flame,
          serial_glass, glass_columns_c, glass_columns_a,
          nicolae_sif_muna_little_library, uniq_azrael
D:14:     layout_loops_ring, minmay_misc_feat_square, serial_shops, shop,
          kennysheep_generic_room_16, uniq_nessos, uniq_jorgrun
D:15:     grunt_enter_depths_snipers, layout_basic, chequers_hall_statues_y,
          tso_altar
Temple:   cyrus_temple_forest
Lair:1:   layout_regular_city, lemuel_old_faithful, infiniplex_staircase_pool_2
Lair:2:   dreamdust_labyrinth, layout_cave_pods, grunt_megastairs_1,
          serial_bayou_shore_a
Lair:3:   layout_gridlike, skrybe_swamp_entry_bodies, gammafunk_ghost_icy
Lair:4:   layout_loops_ring, nicolae_spider_entry_tight_spaces,
          gammafunk_ghost_abyssal_escape, serial_bayou_pond_e, lemuel_fruit_tree
Lair:5:   layout_cave_pods, grunt_megastairs_4, uniq_snorg
Lair:6:   guppyfry_lair_end_dragon, layout_cave_pods, wormcave, slime_altar_1,
          dpeg_stationary_puzzle
Swamp:1:  layout_basic_swamp, evilmike_swamp_ruin_house_3, swamp_pool3,
          uniq_roxanne
Swamp:2:  layout_basic_swamp, nicolae_swamp_little_swirl
Swamp:3:  layout_basic_swamp, gammafunk_ghost_arena,
          nicolae_swamp_ascending_descending
Swamp:4:  grunt_swamp_rune_castle, layout_basic_swamp,
          nicolae_swamp_alligator_family
Spider:1: layout_cave_pods, nicolae_spider_webs_and_nodes, uniq_louise
Spider:2: layout_spider_delve, portal_ice_cave_entry_pillars_1,
          nicolae_spider_circle_web, uniq_kirke
Spider:3: layout_spider_delve, nicolae_spider_undead_wolf_pack
Spider:4: spider_rune_water
Slime:1:  layout_caves
Slime:2:  layout_caves
Slime:3:  layout_caves
Slime:4:  layout_caves
Slime:5
Orc:1:    layout_caves
Orc:2:    st_orc_mages, layout_caves, special_room
Elf:1:    layout_rooms, minmay_elf_sorcery
Elf:2:    nicolae_elf_blades_splatter_lattice [mumra_blade_entry_bloodbath],
          layout_loops_cross, serial_shops, nicolae_shop_behind_doors
Elf:3:    elf_hall, layout_loops_cross, uniq_asterion
Vaults:1: nicolae_vaults_alarming, hangedman_vaults_restitches,
          ontoclasm_vaults_bender, hangedman_vaults_impose, vaults_mumra_lcd,
          layout_vaults_omnicross, enter_trove_6
Vaults:2: hangedman_vaults_nodes, minmay_crypt_entry_simple_round,
          hangedman_vaults_trim, v_alt_pattern_1, v_misc_30,
          vaults_standard_mumra_lines, ontoclasm_vaults_idyll,
          vaults_room_corners, kb_rosetta, v_misc_28,
          hangedman_vaults_corner_blocks, nicolae_vaults_gold_heap,
          layout_vaults_maze_bifur, serial_shops, shop, nicolae_shop_waterfront,
          uniq_boris
Vaults:3: ontoclasm_vaults_gallery, nicolae_vaults_ninety_degrees, v_misc_10,
          vaults_room_stairs_pillars, vaults_mumra_hex, v_misc_18, v_pattern_3,
          hangedman_vaults_nails, layout_vaults_big_room
Vaults:4: portal_desolation_entry_salt, v_misc_9, v_rooms_2, grunt_vaults_swirl,
          nicolae_vaults_windows_and_doors_thing, vaults_dpeg_ring,
          layout_vaults_quadrants
Vaults:5: serial_shops
Crypt:1:  layout_misc_corridors, grunt_crypt_arrival_split,
          roderic_lattice_octagonal_star, uniq_margery
Crypt:2:  layout_regular_city, grunt_megastairs_2, lemuel_upstairs_altar
Crypt:3:  grunt_crypt_end_deaths_head, uniq_frederick, uniq_khufu, uniq_jory
Tomb:1
Tomb:2
Depths:1: layout_cave_pools, enter_ziggurat_d, gammafunk_ghost_door_vault,
          abyss_entry, hellmouth_2, st_stairs_3, nicolae_wu_jian_glorious_leap
Depths:2: kennysheep_six_static_rooms, layout_honeycomb, pan_entry,
          minmay_misc_feat_cross, hell_entry, serial_bayou_shore_b,
          minmay_staircase_bubble, serial_bayou_shore_b, minmay_shop_star,
          serial_bayou_shore_b, uniq_nikola
Depths:3: grunt_deathspiral_small, layout_gridlike,
          hangedman_abyss_or_decor_clamps, abyss_entry, hellmouth_1,
          minmay_hollow_rounded_squares, infiniplex_staircase_zigzag_5
Depths:4: grunt_zot_entry_gee_three, layout_cave_pools, nrook_campfire,
          pf_hell_entry_tar_river, minmay_misc_feat_hallway,
          nicolae_elemental_shop
Hell
Coc:1:    nicolae_hells_titanomachy

Skill      XL: |  1  2  3  4  5  6  7  8  9 10 11 12 13 14 15 16 17 18 19 20 21 22 23 24 25 26 27 |
---------------+----------------------------------------------------------------------------------+-----
Stealth        | 1 2 3 4 5 |  5.0
Shields        | 2 3 4 5 7 9 |  9.1
Armour         | 1 4 6 8 10 12 13 15 16 18 20 22 23 24 26 | 26.0
Fighting       | 6 9 12 14 15 18 22 23 24 26 | 26.1
Staves         | 7 10 12 | 12.0
Spellcasting   | 3 12 15 16 17 20 | 20.9
Polearms       | 2 9 |  9.2
Dodging        | 3 7 14 18 20 22 | 22.1
Evocations     | 2 |  2.3
Axes           | |  1.7
Throwing       | |  0.8
Translocations | |  2.6

Action                   |  1- 3 |  4- 6 |  7- 9 | 10-12 | 13-15 | 16-18 | 19-21 | 22-24 | 25-27 || total
-------------------------+-------+-------+-------+-------+-------+-------+-------+-------+-------++-------
Melee: Hand axe          |    56 |    62 |       |       |       |       |       |       |       ||   118
       Spear             |       |    66 |   344 |   520 |       |       |       |       |       ||   930
       Tailslap          |       |       |    33 |   138 |   416 |   374 |   391 |   731 |   872 ||  2955
       Whip              |       |       |       |   122 |  1109 |   393 |       |       |       ||  1624
       Staff             |       |       |       |       |   741 |    82 |       |       |       ||   823
       Demon trident     |       |       |       |       |       |  1291 |  1506 |   705 |       ||  3502
       Unarmed           |       |       |       |       |       |    17 |       |       |     1 ||    18
       Lance             |       |       |       |       |       |       |   136 |  2161 |  3526 ||  5823
Throw: Dart              |       |       |       |     3 |       |       |       |     3 |     3 ||     9
       Boomerang         |       |       |       |     1 |       |    81 |       |       |       ||    82
       Throwing net      |       |       |       |       |       |       |     3 |       |       ||     3
 Cast: Blink             |       |       |       |       |       |       |       |     1 |     6 ||     7
Invok: Potion Petition   |       |       |       |       |     9 |    13 |    13 |     1 |    28 ||    64
       Call Merchant     |       |       |       |       |       |       |     1 |     1 |       ||     2
       Bribe Branch      |       |       |       |       |       |       |       |       |     1 ||     1
Evoke: Wand              |       |       |     4 |       |    20 |    43 |     4 |    18 |    16 ||   105
       Phial of floods   |       |       |       |       |       |     1 |     1 |       |       ||     2
       Condenser vane    |       |       |       |       |       |       |     1 |     3 |     3 ||     7
       Phantom mirror    |       |       |       |       |       |       |       |     2 |     4 ||     6
  Use: Scroll            |       |     7 |     4 |    15 |    16 |     9 |    12 |    14 |    35 ||   112
       Potion            |       |     1 |       |     1 |    10 |    10 |     6 |     6 |    35 ||    69
 Stab: Sleeping          |     3 |     1 |       |       |       |       |       |       |       ||     4
       Distracted        |       |       |     2 |     3 |    11 |    15 |    15 |    23 |    34 ||   103
       Petrified         |       |       |       |       |     6 |       |     1 |       |       ||     7
       Invisible         |       |       |       |       |     7 |     6 |       |       |     9 ||    22
       Petrifying        |       |       |       |       |     1 |       |       |       |       ||     1
       Paralysed         |       |       |       |       |     3 |       |     1 |       |       ||     4
       Held in net/web   |       |       |       |       |       |     5 |     2 |       |       ||     7
       Confused          |       |       |       |       |       |     2 |       |     3 |       ||     5
Armor: Leather armour    |    14 |    30 |       |       |       |       |       |       |       ||    44
       Crystal plate arm |       |    24 |   200 |   482 |  1967 |  1930 |  1104 |  1514 |  1698 ||  8919
Dodge: Dodged            |    27 |    45 |    18 |    73 |   118 |   268 |   212 |   472 |   966 ||  2199
Block: Buckler           |     5 |    23 |    66 |   179 |   819 |   871 |   855 |   969 |   940 ||  4727
       Reflection        |       |       |       |       |       |       |    37 |    11 |       ||    48
       Rpst.: Spear      |       |       |       |    15 |       |       |       |       |       ||    15
       Whip              |       |       |       |     4 |    13 |    13 |       |       |       ||    30
       Staff             |       |       |       |       |     4 |       |       |       |       ||     4
       Demon trident     |       |       |       |       |       |    40 |    35 |    23 |       ||    98
       Lance             |       |       |       |       |       |       |     6 |    78 |   192 ||   276

Table legend: (Time is in decaauts)
 A = Elapsed time spent in this place.
 B = Non-inter-level travel time spent in this place.
 C = Inter-level travel time spent in this place.
 D = Time resting spent in this place.
 E = Time spent auto-exploring this place.
 F = Levels seen in this place.
 G = Mean time per level.
                   A        B        C        D        E       F      G
               +--------+--------+--------+--------+--------+-----+--------+
         Total | 101189 |  92206 |   8983 |  27446 |  31555 |  81 | 1249.2 |
       Dungeon |  21713 |  18237 |   3476 |   3298 |   9924 |  15 | 1447.5 |
        Temple |    100 |     76 |     24 |      0 |      0 |   1 |  100.0 |
          Lair |  12195 |  10131 |   2064 |   2105 |   5270 |   6 | 2032.5 |
         Swamp |   6957 |   6331 |    626 |   2256 |   2259 |   4 | 1739.2 |
   Spider Nest |   8447 |   8103 |    344 |   3789 |   2125 |   4 | 2111.8 |
    Slime Pits |   2487 |   2331 |    156 |    379 |    963 |   5 |  497.4 |
  Orcish Mines |   2173 |   2036 |    137 |    715 |    519 |   2 | 1086.5 |
   Elven Halls |   5868 |   5724 |    144 |   2361 |   1421 |   3 | 1956.0 |
        Vaults |  12202 |  10912 |   1290 |   3139 |   3893 |   5 | 2440.4 |
         Crypt |   4859 |   4632 |    227 |   1256 |   1733 |   3 | 1619.7 |
          Tomb |   2875 |   2776 |     99 |   1718 |     28 |   2 | 1437.5 |
        Depths |   7582 |   7191 |    391 |   1088 |   2860 |   4 | 1895.5 |
          Hell |     49 |     49 |      0 |      0 |      0 |   1 |   49.0 |
       Cocytus |     16 |     16 |      0 |      0 |      0 |   1 |   16.0 |
         Abyss |   7731 |   7731 |      0 |   2001 |    196 |  20 |  386.5 |
         Trove |    117 |    117 |      0 |      0 |     36 |   1 |  117.0 |
       Ossuary |    635 |    635 |      0 |    183 |     10 |   1 |  635.0 |
        Bailey |    565 |    565 |      0 |    212 |     95 |   1 |  565.0 |
      Ice Cave |   2986 |   2986 |      0 |   2130 |    116 |   1 | 2986.0 |
    Desolation |   1622 |   1622 |      0 |    812 |    106 |   1 | 1622.0 |
               +--------+--------+--------+--------+--------+-----+--------+

Top non-repeatable levels by time:
 Abyss:3: 4089 daAuts
Spider:3: 3500 daAuts
   IceCv: 2986 daAuts
Vaults:2: 2891 daAuts
  Lair:6: 2865 daAuts
   Elf:3: 2734 daAuts
    D:15: 2726 daAuts
Vaults:1: 2700 daAuts
    D:13: 2695 daAuts
  Tomb:1: 2687 daAuts
  Lair:4: 2580 daAuts
 Swamp:1: 2393 daAuts
Depths:1: 2301 daAuts
Vaults:5: 2274 daAuts
Vaults:3: 2186 daAuts
